 Dungeon Crawl Stone Soup version 0.20-a0-924-gfa95efa (webtiles) character file.

256 JeffiDaFish the Shield-Bearer (level 6, -7/38 HPs)
             Began as a Gargoyle Fighter on Mar 28, 2017.
             Mangled by a gnoll
             ... wielding a +0 halberd
              (8 damage)
             ... on level 3 of the Dungeon.
             The game lasted 00:04:32 (2699 turns).

JeffiDaFish the Shield-Bearer (Gargoyle Fighter)    Turns: 2699, Time: 00:04:32

Health: -7/38      AC: 11    Str: 19    XL:     6   Next: 15%
Magic:  6/6        EV:  8    Int:  9    God:
Gold:   107        SH: 10    Dex: 11    Spells: 5/5 levels left

rFire    . . .     SeeInvis .   a - +0 flail
rCold    . . .     Gourm    .   c - +1 shield
rNeg     + . .     Faith    .   b - +0 scale mail
rPois    ∞         Spirit   .   (no helmet)
rElec    +         Reflect  .   (no cloak)
rCorr    .         Harm     .   (no gloves)
MR       .....                  (no boots)
Stlth    ..........             (no amulet)
Regen    0.2/turn               (no ring)
MPRegen  0.1/turn               (no ring)

@: no status effects
A: negative energy resistance 1, electricity resistance, unbreathing,
petrification resistance, rot immunity, AC +4
a: no special abilities


You were on level 3 of the Dungeon.
You were hungry.

You visited 1 branch of the dungeon, and saw 3 of its levels.

You collected 107 gold pieces.

Inventory:

Hand Weapons
 a - a +0 flail (weapon)
Armour
 b - a +0 scale mail (worn)
 c - a +1 shield (worn)
Scrolls
 e - 5 scrolls of identify
 j - a scroll of teleportation
 l - a scroll of blinking
Potions
 d - 2 potions of might
Comestibles
 f - a bread ration
 g - 3 fruits
 h - 5 chunks of flesh
 i - 3 meat rations
 k - a royal jelly


   Skills:
 + Level 4.0 Fighting
 + Level 4.0 Maces & Flails
 + Level 3.9 Armour
 + Level 1.4 Dodging
 + Level 0.5 Stealth
 + Level 4.6 Shields


You had 5 spell levels left.
You didn't know any spells.

Dungeon Overview and Level Annotations

Branches:
Dungeon (3/15)

Altars:
Cheibriados
Kikubaaqudgha
Zin


Innate Abilities, Weirdness & Mutations

You are resistant to torment.
Your stone body is resilient. (AC +4)
You are immune to poison.
You resist negative energy. (rN+)
You are resistant to electric shocks. (rElec)
You can survive without breathing.
You are immune to petrification.
You are immune to rotting.


Message History

Your shield and scale mail prevent you from hitting the gnoll.
The gnoll hits you from afar with a halberd!
You block the gnoll's attack. x2; The gnoll closely misses you.
You closely miss the gnoll. The gnoll barely misses you.
The gnoll hits you from afar with a halberd.
You thump the gnoll!
You kill the gnoll!
You are feeling hungry.
The gnoll hits you from afar with a halberd!
* * * LOW HITPOINT WARNING * * *
You are too injured to fight recklessly!
Things that are here:
a spear; 25 stones You closely miss the gnoll.
The gnoll hits you but does no damage. You block the gnoll's attack.
You closely miss the gnoll. The gnoll hits you with a halberd.
* * * LOW HITPOINT WARNING * * *
Your shield and scale mail prevent you from hitting the gnoll.
The gnoll hits you with a halberd!
You die...

######.##...##..#.
#.....##.....####.
#%###.#.......###.
#.# #....._.....#.
#.# ###.......#.##
#.# ##.....##...
#.# ##...####..
#)# ##.##...>. #@#
#......... #g#
###.#..### #.#
#..#..#.# ...
#.##..#.# ...
#.#...... ##..#
#........ ...#
###...### ##.#
##..#..
#.########.###


You could see a gnoll.

Vanquished Creatures
  2 vampire bats (D:2)
  4 gnolls
  4 adders (D:2)
  2 oozes (D:3)
  3 worms (D:3)
  2 dart slugs (D:1)
  2 leopard geckos
  4 orcs (D:3)
  3 bat skeletons (D:2)
  3 bat zombies (D:2)
  5 giant cockroaches
  6 goblins
  7 hobgoblins
  6 jackals (D:2)
  A quokka (D:2)
  2 ball pythons
  7 bats
  5 frilled lizards
  3 kobolds (D:1)
  10 rats
81 creatures vanquished.

Notes
Turn   | Place    | Note
-------+----------+-------------------------------------------
     0 | D:1      | JeffiDaFish the Gargoyle Fighter began the quest for the Orb.
     0 | D:1      | Reached XP level 1. HP: 14/14 MP: 1/1
   185 | D:1      | Reached XP level 2. HP: 16/19 MP: 2/2
   282 | D:1      | Reached XP level 3. HP: 23/23 MP: 3/3
  1143 | D:2      | Reached XP level 4. HP: 27/29 MP: 4/4
  1564 | D:2      | Found an ancient bone altar of Kikubaaqudgha.
  1579 | D:2      | Reached skill level 1 in Dodging
  1579 | D:2      | Reached XP level 5. HP: 29/33 MP: 5/5
  1996 | D:2      | Found a glowing silver altar of Zin.
  2538 | D:3      | Reached XP level 6. HP: 36/38 MP: 6/6
  2573 | D:3      | Found a snail-covered altar of Cheibriados.
  2698 | D:3      | HP: 1/38 [gnoll/halberd (6)]
  2699 | D:3      | Mangled by a gnoll

Vault maps used:
D:1:      minmay_arrival_five_plusses, supply_closet_lemuel, chequers_big_river
D:2:      kennysheep_vampire_church, lemuel_coloured_pillars_altar
D:3:      lemuel_round_altar, minmay_misc_feat_nine_boxes, wad_orctagon

Skill      XL: |  1  2  3  4  5  6 |
---------------+-------------------+-----
Shields        | 4 |  4.6
Maces & Flails | 3 4 |  4.0
Dodging        | 1 |  1.4
Fighting       | 4 |  4.0
Armour         | |  3.9
Stealth        | |  0.5

Action                   |  1- 3 |  4- 6 || total
-------------------------+-------+-------++-------
Melee: Flail             |   140 |   192 ||   332
  Use: Scroll            |     3 |     1 ||     4
       Potion            |     3 |       ||     3
  Eat: Chunk             |     1 |     5 ||     6
Armor: Scale mail        |    88 |   148 ||   236
Dodge: Dodged            |    55 |    77 ||   132
Block: Shield            |    95 |   141 ||   236
